 Dungeon Crawl Stone Soup version 0.23.0-3-gf3c87f2 (webtiles) character file.

Game seed: 8904074725882699280

8098 SeriousVitamin the Arsonist (level 11, -1/54 HPs)
             Began as a Deep Elf Fire Elementalist on Feb 20, 2019.
             Was a Priest of Vehumet.
             Slain by Snorg (11 damage)
             ... on level 11 of the Dungeon.
             The game lasted 00:32:02 (10972 turns).

SeriousVitamin the Arsonist (DEFE)                 Turns: 10972, Time: 00:32:06

Health: -1/54      AC:  7    Str: 11    XL:     11   Next: 5%
Magic:  11/27      EV: 13    Int: 22    God:    Vehumet [***...]
Gold:   590        SH:  0    Dex: 15    Spells: 5/31 levels left

rFire    . . .     SeeInvis .   u - staff of conjuration
rCold    . . .     Gourm    .   (no shield)
rNeg     . . .     Faith    .   a - +0 robe
rPois    +         Spirit   .   M - +2 hat
rElec    +         Reflect  .   (no cloak)
rCorr    .         Harm     .   y - +0 pair of gloves
MR       +....                  d - +1 pair of boots
Stlth    ++........             (no amulet)
HPRegen  0.18/turn              g - ring of protection from magic
MPRegen  0.20/turn              H - ring "Esmef" {+Fly rElec rPois MR- Str+4}

@: marked
A: no striking features
a: Renounce Religion, Evoke Flight


You were on level 11 of the Dungeon.
You worshipped Vehumet.
Vehumet was most pleased with you.
You were not hungry.

You visited 2 branches of the dungeon, and saw 12 of its levels.

You collected 590 gold pieces.

Inventory:

Armour
 a - a +0 robe (worn)
 d - a +1 pair of boots (worn)
 y - a +0 pair of gloves (worn)
 M - a +2 hat (worn)
Magical Staves
 u - an uncursed staff of conjuration (weapon)
Jewellery
 g - a ring of protection from magic (left hand)
 k - an uncursed ring of flight
 F - an uncursed ring of see invisible
 H - the ring "Esmef" (right hand) {+Fly rElec rPois MR- Str+4}
   (You found it on level 10 of the Dungeon)

   [ring of flight]

   It affects your strength (+4).
   It insulates you from electricity.
   It protects you from poison.
   It affects your resistance to hostile enchantments.
   It lets you fly.
 I - a +4 ring of protection {unknown}
Wands
 h - a wand of enslavement (9)
 o - a wand of scattershot (14)
 t - a wand of acid (14)
 v - a wand of paralysis (4)
 x - a wand of polymorph (17)
 D - a wand of flame (29)
 L - a wand of digging (4)
Scrolls
 b - 8 scrolls of teleportation {unknown}
 e - 6 scrolls of remove curse
 f - 5 scrolls of fog
 j - a scroll of fear {unknown}
 s - 2 scrolls of random uselessness {unknown}
 w - 2 scrolls of enchant armour
 z - 3 scrolls of enchant weapon {unknown}
 A - a scroll of immolation {unknown}
 B - 3 scrolls of amnesia {unknown}
Potions
 i - 5 potions of curing
 l - a potion of heal wounds
 m - 5 potions of cancellation
 n - a potion of agility
 p - a potion of haste
 q - a potion of flight {unknown}
 r - 2 potions of magic
 C - a potion of lignification
 E - a potion of mutation
 G - a potion of brilliance
 J - a potion of ambrosia
Miscellaneous
 K - a phial of floods
Comestibles
 c - 19 rations


   Skills:
 - Level 2.4 Dodging
 - Level 2.4 Stealth
 + Level 10.9 Spellcasting
 - Level 10.6 Conjurations
 + Level 6.1 Charms
 - Level 11.0 Fire Magic
 + Level 4.1 Air Magic


You had 5 spell levels left.
You knew the following spells:

 Your Spells              Type           Power        Failure   Level  Hunger
a - Flame Tongue          Conj/Fire      #####        1%          1    None
b - Force Lance           Conj/Tloc      ######..     1%          4    #......
c - Conjure Flame         Conj/Fire      ######..     1%          3    None
d - Inner Flame           Hex/Fire       #####...     1%          3    None
e - Sticky Flame          Conj/Fire      ######..     1%          4    #......
f - Fireball              Conj/Fire      ######....   1%          5    ####...
g - Deflect Missiles      Chrm/Air       ####......   71%         6    ######.

Your spell library contained the following spells:

 Spells                   Type           Power        Failure   Level  Hunger
 Throw Icicle             Conj/Ice       ######..     1%          4    #......
 Magic Dart               Conj           ####         1%          1    None
 Searing Ray              Conj           ######       1%          2    None
 Throw Flame              Conj/Fire      ######       1%          2    None
 Dazzling Spray           Conj/Hex       ######       1%          3    None
 Fulminant Prism          Conj/Hex       ######....   1%          4    #......
 Iskenderun's Mystic Bla  Conj           ######..     1%          4    #......
 Poisonous Vapours        Pois/Air       ###...       3%          2    None
 Summon Lightning Spire   Summ/Air       ###.....     24%         4    #......
 Metabolic Englaciation   Hex/Ice        ##........   83%         5    ####...


Dungeon Overview and Level Annotations

Branches:
Dungeon (11/15)            Temple (1/1) D:4            Lair (0/6) D:9
    Orc: D:9-12

Altars:
Ashenzari
Cheibriados
Dithmenos
Elyvilon
Fedhas
Gozag
Hepliaklqana
Makhleb
Nemelex Xobeh
Okawaru
Qazlal
Ru
Sif Muna
Trog
Uskayaw
Vehumet
Wu Jian
Xom
Yredelemnul
Zin
The Shining One

Shops:
D:5 }

Annotations:
D:7 Harold, Joseph
D:11 Snorg


Message History

Press: ? - help, Shift-Dir - straight line, f/p - Snorg
Aim: Snorg (flame, moderately wounded, covered in liquid flames)
You feel a surge of power!
The sticky flame hits Snorg!
Snorg is heavily wounded.
Snorg is covered in liquid flames!
Snorg burns!
A wight comes into view. It is wielding a +1 halberd.
Snorg is engulfed in blazing flames.
Snorg bites you! Snorg claws you. Snorg claws you but does no damage.
Casting: Sticky Flame (safe; 1% risk of failure)
Confirm with . or Enter, or press ? or * to list all spells.
Aiming: Sticky Flame (safe; 1% risk of failure)
Press: ? - help, Shift-Dir - straight line, f/p - Snorg
Aim: Snorg (flame, severely wounded, covered in liquid flames)
You feel a surge of power!
The sticky flame hits Snorg!
Snorg is severely wounded.
Snorg burns!
Snorg is engulfed in blazing flames.
Snorg closely misses you. Snorg claws you!
* * * LOW HITPOINT WARNING * * *
Snorg claws you!
You die...

###### #.# .....#
.. )..^.# #.#
.[...# .. .....#
#.# #.## .....# #.#
..# .....# #.# #T##
.....# #.#####@.#
.....# #.##.....#
##'### #.##.....#
...# #.##.....#
.### ####..z.(...#
#### #...'.......#
...####.##........#
...#....###.......#
.....#### #....####


You could see Snorg (burning) and a wight.

Vanquished Creatures
  Gastronok (D:11)
  A two-headed ogre (D:11)
  Nergalle (D:10)
  A manticore (D:7)
  Grinder (D:5)
  Prince Ribbit (D:7)
  A spriggan (D:7)
  3 yaks (D:11)
  A water moccasin (D:9)
  Duvessa (D:7)
  A sky beast (D:6)
  5 phantoms
  4 ice beasts
  2 black bears
  A necrophage (D:10)
  4 ogres
  A centaur (D:10)
  6 bullfrogs
  Dowan (D:7)
  A scorpion (D:4)
  3 killer bees (D:7)
  A howler monkey (D:5)
  3 wights (D:8)
  3 electric eels (D:10)
  6 crimson imps
  2 centaur zombies (D:9)
  A bullfrog zombie (D:9)
  A quasit (D:8)
  2 hounds
  2 orc priests (D:3)
  A centaur skeleton (D:6)
  2 orc wizards (D:6)
  3 bullfrog skeletons
  Terence (D:3)
  8 worker ants
  6 gnolls
  7 adders
  2 shadow imps (D:9)
  12 white imps (D:11)
  2 oozes (D:1)
  2 adder skeletons
  An adder zombie (D:3)
  4 worms
  2 dart slugs (D:2)
  8 leopard geckos
  13 orcs
  4 ball pythons
  4 giant cockroaches
  7 goblins
  5 hobgoblins
  10 jackals
  11 kobolds
  3 quokkas
  8 bats
  5 frilled lizards
  A leopard gecko skeleton (D:7)
  12 rats
206 creatures vanquished.

Notes
Turn   | Place    | Note
-------+----------+-------------------------------------------
     0 | D:1      | SeriousVitamin the Deep Elf Fire Elementalist began the
                  | quest for the Orb.
     0 | D:1      | Reached XP level 1. HP: 10/10 MP: 6/6
   216 | D:1      | Reached XP level 2. HP: 15/15 MP: 6/8
   398 | D:1      | Reached XP level 3. HP: 17/19 MP: 1/9
   418 | D:1      | Learned a level 3 spell: Conjure Flame
   422 | D:1      | Learned a level 3 spell: Inner Flame
   692 | D:2      | Reached skill level 4 in Fire Magic
  1237 | D:2      | Reached XP level 4. HP: 24/24 MP: 1/11
  1655 | D:2      | Found a sparkling altar of Nemelex Xobeh.
  1656 | D:2      | Found an ornate altar of the Wu Jian Council.
  1804 | D:2      | Found a hazy altar of Hepliaklqana.
  1805 | D:2      | Found a shimmering altar of Xom.
  1805 | D:2      | Noticed an insubstantial wisp
  1806 | D:2      | Noticed a spectral ugly thing
  1806 | D:2      | Noticed an insubstantial wisp
  1932 | D:3      | Noticed a +0 dagger
  1932 | D:3      | Noticed a +0 dagger
  1948 | D:3      | Found a hide-covered altar of Uskayaw.
  1980 | D:3      | Noticed an ogre
  1989 | D:3      | Killed an ogre
  1989 | D:3      | Reached XP level 5. HP: 28/28 MP: 5/13
  2008 | D:3      | Reached skill level 5 in Fire Magic
  2474 | D:3      | Noticed an ogre
  2544 | D:3      | Killed an ogre
  2544 | D:3      | Reached XP level 6. HP: 27/32 MP: 5/15
  2811 | D:3      | Noticed Terence
  2816 | D:3      | Killed Terence
  2983 | D:3      | Found a glowing silver altar of Zin.
  2983 | D:3      | Noticed an angel
  3137 | D:4      | Reached skill level 5 in Spellcasting
  3190 | D:4      | Learned a level 4 spell: Sticky Flame
  3214 | D:4      | Reached skill level 5 in Conjurations
  3214 | D:4      | Reached skill level 6 in Fire Magic
  3372 | D:4      | Found a staircase to the Ecumenical Temple.
  3382 | Temple   | Entered the Ecumenical Temple
  3662 | Temple   | Became a worshipper of Vehumet
  3750 | D:4      | Reached XP level 7. HP: 36/36 MP: 14/16
  3811 | D:4      | Found a shadowy altar of Dithmenos.
  3941 | D:5      | Entered Level 5 of the Dungeon
  3948 | D:5      | Learned a level 5 spell: Fireball
  4049 | D:5      | Found a basalt altar of Yredelemnul.
  4111 | D:5      | Noticed Grinder
  4117 | D:5      | Killed Grinder
  4533 | D:5      | Identified the Collected Works on Snow and Lightness
  4588 | D:5      | Found Qamig's Gadget Shoppe.
  4761 | D:6      | Reached skill level 7 in Fire Magic
  4790 | D:5      | Reached XP level 8. HP: 31/41 MP: 0/19
  5015 | D:6      | Reached * piety under Vehumet
  5015 | D:6      | Offered knowledge of Magic Dart by Vehumet.
  5164 | D:6      | Found an iron altar of Okawaru.
  5341 | D:6      | Reached skill level 8 in Fire Magic
  6405 | D:7      | Noticed Harold
  6420 | D:7      | Noticed a manticore
  6432 | D:7      | Killed a manticore
  6432 | D:7      | Reached skill level 9 in Fire Magic
  6432 | D:7      | Reached XP level 9. HP: 15/45 MP: 14/22
  6675 | D:7      | Noticed Duvessa
  6675 | D:7      | Noticed Dowan
  6680 | D:7      | Killed Duvessa
  6681 | D:7      | Killed Dowan
  6757 | D:7      | Found a glowing golden altar of the Shining One.
  6886 | D:7      | Found a blossoming altar of Fedhas.
  6887 | D:7      | Noticed Prince Ribbit
  6898 | D:7      | Killed Prince Ribbit
  6923 | D:7      | Offered knowledge of Throw Frost by Vehumet.
  6929 | D:7      | Reached ** piety under Vehumet
  7087 | D:7      | Found a white marble altar of Elyvilon.
  7330 | D:8      | Noticed a gargoyle
  7466 | D:6      | Learned a level 4 spell: Force Lance
  7740 | D:7      | Noticed Joseph
  8226 | D:8      | Reached skill level 10 in Fire Magic
  8806 | D:9      | Reached skill level 10 in Conjurations
  8826 | D:9      | Reached XP level 10. HP: 50/50 MP: 12/24
  9006 | D:9      | Offered knowledge of Ignite Poison by Vehumet.
  9095 | D:9      | Found a staircase to the Lair.
  9361 | D:10     | Entered Level 10 of the Dungeon
  9426 | D:10     | Found a white marble altar of Elyvilon.
  9451 | D:10     | Reached *** piety under Vehumet
  9476 | D:10     | Got a fine copper ring
  9513 | D:10     | Noticed Nergalle
  9524 | D:10     | Killed Nergalle
  9524 | D:10     | Reached skill level 11 in Fire Magic
  9836 | D:10     | Identified the ring "Esmef" {+Fly rElec rPois MR- Str+4}
                  | (You found it on level 10 of the Dungeon)
 10070 | D:10     | Learned a level 6 spell: Deflect Missiles
 10111 | D:11     | Found a shattered altar of Ashenzari.
 10113 | D:11     | Noticed Gastronok
 10166 | D:11     | Reached skill level 1 in Charms
 10172 | D:11     | Reached skill level 1 in Air Magic
 10391 | D:11     | Noticed a two-headed ogre
 10403 | D:11     | Killed a two-headed ogre
 10403 | D:11     | Reached skill level 10 in Spellcasting
 10479 | D:11     | Offered knowledge of Throw Icicle by Vehumet.
 10589 | D:11     | Killed Gastronok
 10589 | D:11     | Reached XP level 11. HP: 54/54 MP: 10/27
 10823 | D:11     | Found a frozen archway.
 10968 | D:11     | Noticed Snorg
 10972 | D:11     | Slain by Snorg

Skill      XL: |  1  2  3  4  5  6  7  8  9 10 |
---------------+-------------------------------+-----
Conjurations   | 2 3 4 5 6 8 10 | 10.6
Fire Magic     | 4 5 6 7 9 10 11 | 11.0
Spellcasting   | 4 5 6 7 8 10 | 10.9
Charms         | 6 |  6.1
Air Magic      | 4 |  4.1
Dodging        | |  2.4
Stealth        | |  2.4

Action                   |  1- 3 |  4- 6 |  7- 9 | 10-12 || total
-------------------------+-------+-------+-------+-------++-------
Melee: Unarmed           |     2 |     3 |       |       ||     5
       Staff             |       |       |    36 |     1 ||    37
       Falchion          |       |       |    48 |       ||    48
 Cast: Flame Tongue      |    60 |   113 |   214 |    93 ||   480
       Conjure Flame     |     3 |     2 |     8 |     7 ||    20
       Sticky Flame      |       |       |    26 |    18 ||    44
       Inner Flame       |       |       |     4 |       ||     4
       Force Lance       |       |       |     8 |     8 ||    16
       Fireball          |       |       |     2 |       ||     2
  Use: Scroll            |       |     6 |     4 |     6 ||    16
       Potion            |       |       |     2 |     1 ||     3
 Stab: Sleeping          |       |       |     1 |       ||     1
  Eat: Chunk             |     1 |     7 |    12 |     3 ||    23
       Ration            |       |       |     2 |     2 ||     4
Armor: Robe              |     4 |     7 |    58 |     7 ||    76
Dodge: Dodged            |    19 |    28 |   162 |    23 ||   232
       Rpst.: Falchion   |       |       |     9 |       ||     9
